 Dungeon Crawl Stone Soup version 0.21-a0-150-gc243083 (webtiles) character file.

59 Huvudperson the Skirmisher (level 3, -3/29 HPs)
             Began as a Demonspawn Wanderer on July 29, 2017.
             Slain by a hobgoblin (5 damage)
             ... on level 2 of the Dungeon.
             The game lasted 00:04:05 (1370 turns).

Huvudperson the Skirmisher (Demonspawn Wanderer)    Turns: 1370, Time: 00:04:07

Health: -3/29      AC:  2    Str: 12    XL:     3   Next: 78%
Magic:  4/7        EV: 14    Int: 14    God:
Gold:   65         SH:  0    Dex: 12    Spells: 7/8 levels left

rFire    . . .     SeeInvis .   k - +0 dagger
rCold    . . .     Gourm    .   (no shield)
rNeg     . . .     Faith    .   d - +0 robe
rPois    .         Spirit   .   (no helmet)
rElec    .         Reflect  .   (no cloak)
rCorr    .         Harm     .   (no gloves)
MR       .....                  (no boots)
Stlth    ++........             (no amulet)
HPRegen  0.09/turn              (no ring)
MPRegen  0.10/turn              (no ring)

@: infused (expiring), hasted and slowed
A: repulsion field 2
a: no special abilities


You were on level 2 of the Dungeon.
You were hungry.

You visited 1 branch of the dungeon, and saw 2 of its levels.

You collected 65 gold pieces.

Inventory:

Hand Weapons
 e - a +0 club
 k - a +0 dagger (weapon)
Armour
 d - a +0 robe (worn)
Scrolls
 h - a scroll of fear {unknown}
 l - a scroll of teleportation {unknown}
Potions
 g - a potion of lignification
Books
 a - a book of Battle

   Spells                             Type                      Level
   a - Infusion                       Charms                       1
   b - Shroud of Golubria             Charms/Translocation         2
   c - Song of Slaying                Charms                       2
   d - Spectral Weapon                Hexes/Charms                 3
   e - Regeneration                   Charms/Necromancy            3
 b - the Collected Works on Air

   Spells                             Type                      Level
   a - Shock                          Conjuration/Air              1
   b - Static Discharge               Conjuration/Air              3
 c - the Almanac of Transmigration

   Spells                             Type                      Level
   a - Beastly Appendage              Transmutation                1
   b - Spider Form                    Transmutation/Poison         3
Comestibles
 f - a bread ration


   Skills:
 + Level 3.5 Fighting
 - Level 1.0 Stealth
 - Level 3.0 Spellcasting
 - Level 1.7 Charms
   Level 2.6 Transmutations
   Level 1.0 Evocations


You had 7 spell levels left.
You knew the following spells:

 Your Spells              Type           Power        Failure   Level  Hunger
a - Infusion              Chrm           #...         11%         1    #......


Dungeon Overview and Level Annotations

Branches:
Dungeon (2/15)

Altars:


Innate Abilities, Weirdness & Mutations

You are surrounded by a moderate repulsion field. (EV +3)


Message History

The hobgoblin hits you but does no damage.
Natasha barely misses you. The white imp misses you.
Unknown command.
You hit Natasha.
Natasha is almost dead.
The hobgoblin barely misses you. Natasha barely misses you.
The white imp completely misses you. The hobgoblin closely misses you.
It was a potion of haste.
You feel yourself speed up. Natasha barely misses you.
The white imp barely misses you.
The hobgoblin hits you but does no damage.
Natasha barely misses you. The white imp gestures at you.
The puff of frost misses you.
You hit Natasha.
You kill Natasha!
Natasha yowls pathetically as she dies!
The white imp disappears in a puff of smoke!
Your Fighting skill increases to level 3!
The hobgoblin hits you.
You die...

..## . ...
..### ##..###
#...##.....
.##.......#####
...........$..#
..## #w# ...#
###.# #..#
#ยง@.# #..#
#g### #..# #.#
#..# #.# #..#
#.# #..###.#
#..#...####
#............
#.##.#####...


You could see a dart slug and a hobgoblin.

Vanquished Creatures
  Natasha (D:2)
  2 dart slugs (D:1)
  3 bats (D:1)
  2 giant cockroaches (D:1)
  5 goblins (D:1)
  4 hobgoblins (D:1)
  2 jackals (D:1)
  2 ball pythons (D:1)
  3 frilled lizards (D:1)
  2 kobolds (D:1)
  4 rats
30 creatures vanquished.

Notes
Turn   | Place    | Note
-------+----------+-------------------------------------------
     0 | D:1      | Huvudperson the Demonspawn Wanderer began the quest for the Orb.
     0 | D:1      | Huvudperson set off with: a book of Battle, the Collected Works on Air, the Almanac of Transmigration, a +0 robe, a +0 club, a bread ration
     0 | D:1      | Reached XP level 1. HP: 13/13 MP: 4/4
     0 | D:1      | Identified the Collected Works on Air
     0 | D:1      | Identified the Almanac of Transmigration
     2 | D:1      | Learned a level 1 spell: Infusion
    65 | D:1      | Reached skill level 1 in Fighting
   121 | D:1      | Gained mutation: You are surrounded by a mild repulsion field. (EV +2) [demonic ancestry]
   121 | D:1      | Reached XP level 2. HP: 12/22 MP: 1/6
  1123 | D:1      | Gained mutation: You are surrounded by a moderate repulsion field. (EV +3) [demonic ancestry]
  1123 | D:1      | Reached XP level 3. HP: 24/28 MP: 4/7
  1356 | D:2      | Noticed Natasha
  1367 | D:2      | HP: 1/28 [white imp[Natasha] (2)]
  1370 | D:2      | Killed Natasha
  1370 | D:2      | Slain by a hobgoblin

Vault maps used:
D:1:      onia_arrival_larder
D:2:      nicolae_overflow_hidden_temple, minmay_pentomino_u4, uniq_natasha,
          uniq_sigmund

Skill      XL: |  1  2  3 |
---------------+----------+-----
Fighting       | 1 2 3 |  3.5
Stealth        | |  1.0
Spellcasting   | |  3.0
Charms         | |  1.7
Transmutations | |  2.6
Evocations     | |  1.0

Action                   || total
-------------------------++-------
Melee: Club              ||    73
       Dagger            ||    45
Throw: Javelin           ||     2
 Cast: Infusion          ||     8
  Use: Potion            ||     3
  Eat: Chunk             ||     1
Armor: Skin              ||    30
       Robe              ||    20
Dodge: Dodged            ||    89
